 Dungeon Crawl Stone Soup version 0.21-a0-529-g8c7b3f5 (webtiles) character file.

51 slep the Chopper (level 3, -2/18 HPs)
             Began as a Vine Stalker Gladiator on Dec 12, 2017.
             Slain by a worm (4 damage)
             ... on level 2 of the Dungeon.
             The game lasted 00:02:16 (568 turns).

slep the Chopper (Vine Stalker Gladiator)            Turns: 568, Time: 00:02:20

Health: -2/18      AC:  4    Str: 16    XL:     3   Next: 83%
Magic:  0/4        EV: 13    Int:  8    God:
Gold:   71         SH:  0    Dex: 16    Spells: 2/2 levels left

rFire    . . .     SeeInvis .   a - +0 war axe
rCold    . . .     Gourm    .   (no shield)
rNeg     . . .     Faith    .   b - +0 leather armour
rPois    .         Spirit   +   c - +0 helmet
rElec    .         Reflect  .   (no cloak)
rCorr    .         Harm     .   (no gloves)
MR       .....                  (no boots)
Stlth    +.........             m - amulet of regeneration
HPRegen  0.46/turn              (no ring)
MPRegen  0.09/turn              (no ring)

@: no status effects
A: fangs 2, magic shield, antimagic bite, no potion heal 3, rot immunity
a: no special abilities


You were on level 2 of the Dungeon.
You were not hungry.

You visited 1 branch of the dungeon, and saw 2 of its levels.

You collected 71 gold pieces.

Inventory:

Hand Weapons
 a - a +0 war axe (weapon)
Missiles
 d - 3 throwing nets (quivered)
Armour
 b - a +0 leather armour (worn)
 c - a +0 helmet (worn)
Jewellery
 m - an amulet of regeneration (around neck)
Scrolls
 e - a scroll of enchant armour {unknown}
 j - a scroll of teleportation {unknown}
 k - 3 scrolls of identify {unknown}
 o - a scroll of amnesia {unknown}
 p - 2 scrolls of magic mapping {unknown}
 q - a scroll of noise {unknown}
Potions
 g - a potion of flight {unknown}
 h - 2 potions of mutation {unknown}
 l - a potion of curing {unknown}
 n - a potion of lignification {unknown}
Comestibles
 f - 4 bread rations
 i - 4 fruits
 r - a meat ration


   Skills:
 + Level 2.1 Fighting
 + Level 3.4 Axes
 + Level 2.0 Throwing
 + Level 2.9 Dodging


You had 2 spell levels left.
You didn't know any spells.

Dungeon Overview and Level Annotations

Branches:
Dungeon (2/15)

Altars:
Trog


Innate Abilities, Weirdness & Mutations

You have extremely sharp teeth.
When hurt, damage is shared between your health and your magic reserves.
Your bite disrupts and absorbs the magic of your enemies.
Potions cannot restore your health.
You are immune to rotting.


Message History

The worm goes berserk!
The rat barely misses you. The worm bites you but does no damage.
You slash the worm!
The worm is heavily wounded.
You completely miss the rat. You hit the worm but do no damage.
The rat barely misses you. The worm barely misses you.
The rat bites you but does no damage. The worm barely misses you.
You barely miss the worm.
The worm is heavily wounded.
You hit the rat.
You kill the rat!
You barely miss the worm.
The moth of wrath goads the worm on!
The worm goes berserk!
The worm bites you.
You hit the worm. You bite the worm, but do no damage.
The worm is heavily wounded.
You slash the worm! The worm bites you!
Ouch! That really hurt!
* * * LOW HITPOINT WARNING * * *
The worm bites you.
You die...

...(.........
............#
...(......#####
...(.....###...###
........##))....)##
....(..##)..._....#
.......##.........##
.......#....###ww†.#
#####..#...##y##@..#
#..#....###....#
##.#...........#
#.##.........##
#..##.......##
##..####.####
##.).##.# ###....#
######


You could see a moth of wrath and 2 worms.

Vanquished Creatures
  2 adders (D:2)
  A dart slug (D:1)
  A leopard gecko (D:1)
  4 bats
  5 goblins
  2 hobgoblins
  A ball python (D:1)
  3 frilled lizards
  7 kobolds
  5 rats
31 creatures vanquished.

Notes
Turn   | Place    | Note
-------+----------+-------------------------------------------
     0 | D:1      | slep the Vine Stalker Gladiator began the quest for the Orb.
     0 | D:1      | Reached XP level 1. HP: 11/11 MP: 2/2
   159 | D:1      | Reached XP level 2. HP: 15/15 MP: 3/3
   186 | D:1      | Reached skill level 3 in Axes
   443 | D:2      | Reached XP level 3. HP: 18/18 MP: 4/4
   554 | D:2      | Noticed a moth of wrath
   557 | D:2      | Found a bloodstained altar of Trog.
   568 | D:2      | Slain by a worm

Vault maps used:
D:1:      minmay_arrival_loop
D:2:      grunt_temple_overflow_open, first_bread, tgw_trog

Skill      XL: |  1  2  3 |
---------------+----------+-----
Axes           | 3 |  3.4
Fighting       | 2 |  2.1
Throwing       | 2 |  2.0
Dodging        | |  2.9

Action                   || total
-------------------------++-------
Melee: War axe           ||    54
       Bite              ||    12
Armor: Leather armour    ||    21
Dodge: Dodged            ||    49

Table legend:
 A = Spawn XP
 B = Non-spawn XP
 C = Spawn XP percentage of total XP
 D = Spawn monster count
 E = Non-spawn monster count
 F = Spawn count percentage of total count
 G = Total turns spent on level
                    A         B        C        D         E        F      G
               +---------+---------+-------+---------+---------+-------+---------
         Total |       0 |      74 |   0.0 |       0 |      31 |   0.0 |   568
               +---------+---------+-------+---------+---------+-------+---------
           D:1 |       0 |      29 |   0.0 |       0 |      16 |   0.0 |   441
           D:2 |       0 |      45 |   0.0 |       0 |      15 |   0.0 |   127
               +---------+---------+-------+---------+---------+-------+---------
